 Dungeon Crawl Stone Soup version 0.22-a0-443-g17c3723931 (webtiles) character file.

2823 Rrauwl the Basher (level 9, -5/85 HPs)
             Began as a Troll Berserker on May 31, 2018.
             Was an Elder of Trog.
             Slain by a wyvern (14 damage)
             ... on level 8 of the Dungeon.
             The game lasted 00:19:34 (6889 turns).

Rrauwl the Basher (Troll Berserker)                 Turns: 6889, Time: 00:19:36

Health: -5/85      AC:  6    Str: 33      XL:     9   Next: 45%
Magic:  8/8        EV: 10    Int:  4      God:    Trog [****..]
Gold:   208        SH:  0    Dex:  5 (10) Spells: 8/8 levels left

rFire    . . .     SeeInvis .   r - +0 great mace
rCold    . . .     Gourm    +   (shield currently unavailable)
rNeg     . . .     Faith    .   b - +1 animal skin
rPois    .         Spirit   .   (helmet restricted)
rElec    .         Reflect  .   (no cloak)
rCorr    .         Harm     .   (gloves unavailable)
MR       +....                  (boots unavailable)
Stlth    +.........             (no amulet)
HPRegen  0.64/turn              k - ring of protection from magic
MPRegen  0.11/turn              (no ring)

@: mighty, lethally poisoned (-5 -> -5), berserk cooldown, slowed, very slow
A: large, unfitting armour, claws 3, fast metabolism 3, gourmand, regeneration
1, shaggy fur 1, tough skin 2
a: Berserk, Trog's Hand, Brothers in Arms, Renounce Religion


You were on level 8 of the Dungeon.
You worshipped Trog.
Trog was greatly pleased with you.
You were not hungry.

You visited 2 branches of the dungeon, and saw 9 of its levels.

You collected 208 gold pieces.

Inventory:

Hand Weapons
 l - a +0 giant spiked club
 n - a +0 giant club
 r - a +0 great mace (weapon)
Missiles
 g - 2 throwing nets
 h - 7 tomahawks (quivered)
Armour
 b - a +1 animal skin (worn)
Jewellery
 k - a ring of protection from magic (left claw)
Wands
 i - a wand of disintegration (12)
 m - a wand of paralysis (19)
 q - a wand of flame (25)
Scrolls
 c - 3 scrolls of teleportation
 j - a scroll of remove curse
Potions
 a - 2 potions of curing
 f - a potion of resistance
 p - a potion of cancellation
Comestibles
 e - 6 rations


   Skills:
 - Level 4.6 Fighting
 + Level 10.6 Maces & Flails
 - Level 2.3 Throwing
 - Level 1.3 Armour
 - Level 3.0 Dodging
 - Level 1.1 Evocations


You had 8 spell levels left.
You didn't know any spells.
Your spell library was empty.

Dungeon Overview and Level Annotations

Branches:
Dungeon (8/15)             Temple (1/1) D:6
   Lair: D:8-11

Altars:
Ashenzari
Cheibriados
Dithmenos
Elyvilon
Fedhas
Gozag
Hepliaklqana
Kikubaaqudgha
Makhleb
Nemelex Xobeh
Okawaru
Qazlal
Ru
Sif Muna
Trog
Uskayaw
Vehumet
Wu Jian
Xom
Yredelemnul
The Shining One


Innate Abilities, Weirdness & Mutations

You are too large for most types of armour.
You have claws for hands.
Your metabolism is lightning-fast.
You like to eat raw meat.
Your natural rate of healing is unusually fast.
You are covered in fur. (AC +1)
You have very tough skin. (AC +2)


Message History

Trog's vigour flows through your veins.
You are exhausted.
You feel yourself slow down.
You feel sick.
The orc warrior hits you with a trident.
You feel very mighty all of a sudden.
You feel sick. The wyvern bites you. The orc warrior completely misses you.
The wyvern bites you!
Unknown command.
You barely miss the wyvern. The wyvern completely misses you.
The orc warrior hits you but does no damage.
The wyvern bites you but does no damage.
The orc warrior closely misses you. The wyvern bites you.
You bludgeon the wyvern!!
The wyvern is almost dead.
You feel sick. The wyvern bites you!
* * * LOW HITPOINT WARNING * * *
The orc warrior hits you with a trident.
* * * LOW HITPOINT WARNING * * *
The wyvern bites you!
You die...

,*,,,,......oo._...#
##.##.....#
,,,,,,>......#...#**
##.......###
,,****..........##
##.........## ,,*
**####....##
#.........รท.# ,,*
####.#
###............ ***
#.####..............
##.##...............
#)o................
##@l...............
##.....##...........
#.....###...........
##....##
##.......... #.....#
#.......... #.....##
##......... ###....#
##........ ####.#
##....... ### #.#
##......


You could see an orc warrior and a wyvern.

Vanquished Creatures
  A two-headed ogre (D:8)
  A hungry ghost (D:7)
  An orc warrior (D:8)
  A sky beast (D:8)
  2 ogres
  2 phantoms
  A centaur (D:5)
  The ghost of P0WERM0DE the Skirmisher, an amateur DsFi (D:3)
  Blork the orc (D:5)
  A gnoll sergeant (D:6)
  2 scorpions
  A water moccasin skeleton (D:7)
  A howler monkey (D:5)
  4 crimson imps
  2 centaur zombies (D:6)
  A bullfrog zombie (D:7)
  3 hounds
  A quasit (D:6)
  3 orc priests
  A bullfrog skeleton (D:6)
  A centaur skeleton (D:6)
  A jelly (D:7)
  4 orc wizards
  2 worker ants
  A killer bee zombie (D:7)
  A hound zombie (D:6)
  A howler monkey zombie (D:7)
  8 gnolls
  10 adders
  2 oozes
  An adder zombie (D:5)
  An adder skeleton (D:4)
  2 worms
  2 dart slugs
  6 leopard geckos
  13 orcs
  2 ball pythons
  11 giant cockroaches
  12 goblins
  7 hobgoblins
  6 jackals
  8 kobolds
  2 quokkas
  11 bats
  4 frilled lizards
  12 rats
  A butterfly (D:6)
163 creatures vanquished.

Notes
Turn   | Place    | Note
-------+----------+-------------------------------------------
     0 | D:1      | Rrauwl the Troll Berserker began the quest for the Orb.
     0 | D:1      | Reached XP level 1. HP: 22/22 MP: 0/0
    89 | D:1      | Reached XP level 2. HP: 22/29 MP: 1/1
   177 | D:1      | Reached skill level 3 in Maces & Flails
   454 | D:1      | Reached XP level 3. HP: 34/36 MP: 2/2
   481 | D:1      | Reached ** piety under Trog
  1408 | D:2      | Reached XP level 4. HP: 43/45 MP: 3/3
  1775 | D:3      | Reached *** piety under Trog
  1789 | D:3      | Reached skill level 1 in Throwing
  1793 | D:3      | Noticed P0WERM0DE's ghost (amateur DsFi)
  1900 | D:3      | Reached skill level 4 in Maces & Flails
  1900 | D:3      | Reached XP level 5. HP: 53/53 MP: 4/4
  2027 | D:3      | Killed P0WERM0DE's ghost
  2686 | D:4      | Reached skill level 5 in Maces & Flails
  2686 | D:4      | Reached XP level 6. HP: 52/61 MP: 5/5
  3282 | D:5      | Entered Level 5 of the Dungeon
  3386 | D:5      | Noticed Blork the orc
  3398 | D:5      | Killed Blork the orc
  3398 | D:5      | Reached skill level 6 in Maces & Flails
  3420 | D:5      | Reached XP level 7. HP: 46/67 MP: 6/6
  3539 | D:5      | Reached skill level 7 in Maces & Flails
  3547 | D:5      | Reached **** piety under Trog
  4404 | D:6      | Found a staircase to the Ecumenical Temple.
  4425 | Temple   | Entered the Ecumenical Temple
  4698 | D:6      | Reached skill level 8 in Maces & Flails
  4724 | D:6      | Reached XP level 8. HP: 20/75 MP: 7/7
  5174 | D:6      | Reached skill level 9 in Maces & Flails
  5875 | D:7      | Reached skill level 1 in Evocations
  5951 | D:7      | Reached skill level 1 in Armour
  5972 | D:7      | Found a hazy altar of Hepliaklqana.
  5973 | D:7      | Found a shimmering altar of Xom.
  5974 | D:7      | Noticed a spectral ugly thing
  6252 | D:8      | Noticed a two-headed ogre
  6266 | D:8      | Killed a two-headed ogre
  6266 | D:8      | Reached skill level 10 in Maces & Flails
  6266 | D:8      | Reached XP level 9. HP: 22/85 MP: 8/8
  6850 | D:8      | Found a sacrificial altar of Ru.
  6851 | D:8      | Found an ornate altar of the Wu Jian Council.
  6852 | D:8      | Found a deep blue altar of Sif Muna.
  6852 | D:8      | Found a shadowy altar of Dithmenos.
  6852 | D:8      | Found a white marble altar of Elyvilon.
  6854 | D:8      | Found a hide-covered altar of Uskayaw.
  6854 | D:8      | Found an iron altar of Okawaru.
  6889 | D:8      | Slain by a wyvern

Vault maps used:
D:1:      giann_forest_graveyard
D:3:      grunt_ministairs_1
D:5:      first_ration, kennysheep_generic_room_6, uniq_blork_the_orc
D:6:      minmay_temple_entry_butterflies
D:7:      regret_index_temple_of_mockery
D:8:      grunt_temple_overflow_open
Temple:   minmay_temple_bridge_abc

Skill      XL: |  1  2  3  4  5  6  7  8 |
---------------+-------------------------+-----
Maces & Flails | 3 4 5 6 8 10 | 10.6
Fighting       | 3 4 |  4.6
Dodging        | 3 |  3.0
Throwing       | 1 2 |  2.3
Evocations     | 1 |  1.1
Armour         | 1 |  1.3

Action                   |  1- 3 |  4- 6 |  7- 9 || total
-------------------------+-------+-------+-------++-------
Melee: Mace              |    52 |    58 |   283 ||   393
       Whip              |   152 |   215 |       ||   367
       Unarmed           |       |       |    59 ||    59
       Giant club        |       |       |     5 ||     5
       Great mace        |       |       |    53 ||    53
Invok: Berserk           |       |     6 |    14 ||    20
  Use: Potion            |     3 |     3 |     5 ||    11
       Scroll            |     3 |     4 |     4 ||    11
  Eat: Chunk             |    19 |    21 |    39 ||    79
       Ration            |       |       |    10 ||    10
Armor: Animal skin       |   102 |   107 |   148 ||   357
Dodge: Dodged            |   123 |   114 |   192 ||   429
Block: Shield            |       |       |    46 ||    46

Table legend:
 A = Spawn XP
 B = Non-spawn XP
 C = Spawn XP percentage of total XP
 D = Spawn monster count
 E = Non-spawn monster count
 F = Spawn count percentage of total count
 G = Total turns spent on level
                    A         B        C        D         E        F      G
               +---------+---------+-------+---------+---------+-------+---------
         Total |       0 |    4033 |   0.0 |       0 |     162 |   0.0 |  6889
               +---------+---------+-------+---------+---------+-------+---------
           D:1 |       0 |      60 |   0.0 |       0 |      32 |   0.0 |  1076
           D:2 |       0 |      60 |   0.0 |       0 |      24 |   0.0 |   637
           D:3 |       0 |     225 |   0.0 |       0 |      29 |   0.0 |   805
           D:4 |       0 |     172 |   0.0 |       0 |       8 |   0.0 |   764
           D:5 |       0 |     733 |   0.0 |       0 |      21 |   0.0 |  1060
           D:6 |       0 |     776 |   0.0 |       0 |      27 |   0.0 |   902
           D:7 |       0 |     549 |   0.0 |       0 |      11 |   0.0 |   779
           D:8 |       0 |    1458 |   0.0 |       0 |      10 |   0.0 |   645
               +---------+---------+-------+---------+---------+-------+---------
